 Dungeon Crawl Stone Soup version 0.29-a0-653-gd47aff6735 (webtiles) character file.

Game seed: 1228285747626680450

35 zeratav the Shooter (level 3, 0/17 HPs)
             Began as a Spriggan Arcane Marksman on June 21, 2022.
             Succumbed to an adder's poison
             ... on level 2 of the Dungeon.
             The game lasted 00:01:25 (1417 turns).

zeratav the Shooter (Spriggan Arcane Marksman)      Turns: 1417, Time: 00:01:26

Health: 0/17       AC:  2    Str:  6    XL:     3   Next: 16%
Magic:  6/6        EV: 17    Int: 14    God:
Gold:   73         SH:  0    Dex: 17    Spells: 3/4 levels left

rFire   . . .      SeeInvis +   a - +0 shortbow {bow}
rCold   . . .      Faith    .   (shield currently unavailable)
rNeg    . . .      Spirit   .   b - +0 robe
rPois   .          Reflect  .   (helmet restricted)
rElec   .          Harm     .   (no cloak)
rCorr   .          Rampage  .   (gloves unavailable)
Will    .....                   (boots unavailable)
Stlth   ++........              (no amulet)
HPRegen 0.05/turn               (no ring)
MPRegen 0.10/turn               (no ring)

@: lethally poisoned (0 -> -7), very quick
A: very small, no large weapons, unfitting armour, see invisible, speed 3
a: no special abilities


You were on level 2 of the Dungeon.
You visited 1 branch of the dungeon, and saw 2 of its levels.

You collected 73 gold pieces.


Innate Abilities, Weirdness & Mutations

You are very small and have problems with some larger weapons.
You are too small for most types of armour.
You have supernaturally acute eyesight. (SInv)
You cover ground extremely quickly. (Speed+++)


   Skills:
 - Level 0.7 Fighting
 + Level 4.4 Bows
 - Level 2.6 Dodging
 - Level 1.3 Spellcasting
 - Level 3.6 Hexes


You had 3 spell levels left.
You knew the following spells:

 Your Spells              Type           Power      Damage    Failure   Level
a - Slow                  Hex            44%        N/A       6%          1

Your spell library contained the following spells:

 Spells                   Type           Power      Damage    Failure   Level
 Inner Flame              Hex/Fire       6%         N/A       36%         3
 Portal Projectile        Hex/Tloc       12%        N/A       36%         3
 Cause Fear               Hex            5%         N/A       50%         4

Inventory:

Hand Weapons
 a - a +0 shortbow (weapon) {bow}
 h - a +1 short sword of speed {short}
   (You found it on level 1 of the Dungeon)
Armour
 b - a +0 robe (worn)
Scrolls
 c - a scroll of vulnerability {!r!r}
Potions
 d - 2 potions of haste {unknown}
 e - a potion of might {unknown}
 f - a potion of heal wounds {unknown}
 g - a potion of magic {unknown}

Dungeon Overview and Level Annotations

Branches:
Dungeon (2/15) Zot: 10938

Altars:

..# ... ..## ..#
...# ..# ...#####
#.# .......# #.#
...###.# #.##
...# #.# #..#
...#
#.###########..##
...#
#..........@..S.#
...#
###############l#
#### #.# #.l .).J
...g. ......
........


You could see an adder and a frilled lizard.


Message History

An adder is nearby!
You shoot an arrow. The arrow misses the adder.
You shoot an arrow. The arrow barely misses the adder.
You shoot an arrow. The arrow closely misses the adder.
The adder misses you. The adder barely misses you.
You shoot an arrow. The arrow misses the adder.
The adder closely misses you. x2
You shoot an arrow. The arrow hits the adder!
The adder misses you. x2
You shoot an arrow. The arrow closely misses the adder.
The adder bites you.
You are poisoned.
The adder poisons you!
HP[-1]
You take 1 damage, and now have 13/14 hp.
You shoot an arrow. The arrow closely misses the adder.
You feel sick. The adder bites you but does no damage. The adder misses you.
HP[-2]
You take 2 damage, and now have 11/14 hp.
You shoot an arrow. The arrow hits the adder!
You kill the adder!
You feel sick.
You have reached level 3!
Your experience leads to an increase in your attributes!
Increase (S)trength, (I)ntelligence, or (D)exterity?
You feel agile. x2
HP[+1] MP[+1]
You now have 17 max hp (+3).
Your mp is fully restored (6).
You feel sick.
You feel sick.
You feel sick.
You are no longer poisoned.
An endoplasm comes into view.
The endoplasm quivers.
HP[+5]
Your hp is fully restored (17).
You shoot an arrow. The arrow hits the endoplasm!
You kill the endoplasm!
No target in view!
No target in view!
No target in view!
A goblin and an adder come into view.
The adder hisses angrily.
The adder moves out of view.
You shoot an arrow. The goblin shouts!
The arrow hits the goblin.
You shoot an arrow. The arrow hits the goblin.
You kill the goblin!
No target in view!
No target in view!
No target in view!
You shoot an arrow. The arrow hits the adder.
You shoot an arrow. The arrow completely misses the adder.
The adder completely misses you.
You shoot an arrow. The arrow hits the adder.
The adder bites you.
You are poisoned.
The adder poisons you!
A frilled lizard comes into view.
The adder bites you.
You are lethally poisoned!
The adder poisons you!
HP[-5]
You take 5 damage, and now have 12/17 hp.
MASSIVE DAMAGE!! (PAUSE) Shoot: a) +0 shortbow {bow}
Press: ? - help, Q - select action, (/) - cycle Shift-Dir - straight line, f/p - adder
Aim: an adder (almost dead, 44% to hit)
You shoot an arrow. The arrow closely misses the adder.
The frilled lizard hisses angrily.
You feel very sick.
A goblin comes into view. It is wielding a +0 club.
The adder completely misses you. x2
HP[-3]
You take 3 damage, and now have 9/17 hp.
Shoot: a) +0 shortbow {bow}
Press: ? - help, Q - select action, (/) - cycle Shift-Dir - straight line, f/p - adder
Aim: an adder (almost dead, 44% to hit)
You shoot an arrow. The arrow misses the adder.
The goblin shouts!
* * * LOW HITPOINT WARNING * * *
You feel very sick. The adder bites you.
* * * LOW HITPOINT WARNING * * *
You are more poisoned.
The adder poisons you!
HP[-4]
You take 4 damage, and now have 5/17 hp.
MASSIVE DAMAGE!! (PAUSE)
An endoplasm comes into view.
* * * LOW HITPOINT WARNING * * *
You feel sick. The adder misses you.
HP[-1]
You take 1 damage, and now have 4/17 hp.
* * * LOW HITPOINT WARNING * * *
You feel sick.
HP[-1]
You take 1 damage, and now have 3/17 hp.
* * * LOW HITPOINT WARNING * * *
You feel sick.
HP[-2]
You take 2 damage, and now have 1/17 hp.
You die...

Skill      XL: |  1  2 |
---------------+-------+-----
Bows           | 3 4 |  4.4
Fighting       | |  0.7
Dodging        | |  2.6
Spellcasting   | |  1.3
Hexes          | |  3.6

Action                   || total
-------------------------++-------
 Fire: Shortbow          ||    68
 Cast: Slow              ||     3
Armor: Robe              ||     4
Dodge: Dodged            ||    35

Levels and vault maps discovered:
D:1:      dpeg_arrival_solitude, layout_basic,
          shapermc_ecumenical_altar_acropolis, hex_medium
D:2:      layout_basic, st_stairs_8

Notes
Turn   | Place    | Note
-------+----------+-------------------------------------------
     0 | D:1      | zeratav the Spriggan Arcane Marksman began the quest for
                  | the Orb.
     0 | D:1      | Reached XP level 1. HP: 9/9 MP: 3/3
     0 | D:1      | magus.rc [v1.9.6]
    79 | D:1      | Reached skill level 3 in Bows
   265 | D:1      | Reached XP level 2. HP: 14/14 MP: 5/5
   957 | D:1      | Reached skill level 4 in Bows
  1017 | D:1      | Found a faded altar of an unknown god.
  1230 | D:2      | Reached XP level 3. HP: 12/17 MP: 6/6
  1414 | D:2      | HP: 4/17 [poisoned by an adder]
  1416 | D:2      | HP: 1/17 [poisoned by an adder]
  1417 | D:2      | Succumbed to an adder's poison

Vanquished Creatures
  An adder (D:2)
  A bat (D:1)
  3 endoplasms
  2 goblins
  A hobgoblin (D:2)
  4 jackals (D:1)
  A quokka (D:1)
  3 ball pythons (D:1)
  A frilled lizard (D:1)
  4 kobolds (D:1)
  2 rats (D:1)
23 creatures vanquished.

Table legend:
 A = Non-vault XP
 B = Vault XP
 C = Vault XP percentage of total XP
 D = Non-vault monster count
 E = Vault monster count
 F = Vault count percentage of total count
                 A         B        C        D         E       F
            +---------+---------+-------+---------+---------+-------
      Total |      50 |       0 |   0.0 |      23 |       0 |   0.0
            +---------+---------+-------+---------+---------+-------
        D:1 |      30 |       0 |   0.0 |      19 |       0 |   0.0
        D:2 |      20 |       0 |   0.0 |       4 |       0 |   0.0
            +---------+---------+-------+---------+---------+-------

Illustrated notes

Table legend:
 A = Kills in this place as a percentage of kills in entire the game.
 B = Kills by you in this place as a percentage of kills by you in the entire game.
 C = Kills by friends in this place as a percentage of kills by friends in the entire game.
 D = Other kills in this place as a percentage of other kills in the entire game.
 E = Experience gained in this place as a percentage of experience gained in the entire game.
 F = Experience gained in this place divided by the number of levels of this place that you have seen.
                   A       B       C       D       E      F
               +-------+-------+-------+-------+-------+----------------------
         Total | 100.0 | 100.0 |   N/A |   N/A | 100.0 |  25.0
       Dungeon | 100.0 | 100.0 |   N/A |   N/A | 100.0 |  25.0
               +-------+-------+-------+-------+-------+----------------------

Table legend: (Time is in decaauts)
 A = Elapsed time spent in this place.
 B = Non-inter-level travel time spent in this place.
 C = Inter-level travel time spent in this place.
 D = Time resting spent in this place.
 E = Time spent auto-exploring this place.
 F = Levels seen in this place.
 G = Mean time per level.
                   A        B        C        D        E       F      G
               +--------+--------+--------+--------+--------+-----+--------+
         Total |   1061 |   1051 |     10 |    129 |    805 |   2 |  530.5 |
       Dungeon |   1061 |   1051 |     10 |    129 |    805 |   2 |  530.5 |
               +--------+--------+--------+--------+--------+-----+--------+

Top non-repeatable levels by time:
     D:1: 844 daAuts
     D:2: 216 daAuts
